Map: Ley Lines

Players

WeAreLegion - Winner!

  • Race: Terran Terran
  • League: Silver
  • Spawn Location: 7:00

ShadowHunt

  • Race: Protoss Protoss
  • League: Silver
  • Spawn Location: 1:00

VOD

Have the link to the VOD?

Description

Time

  • Played on: Dec. 13, 2024, 1:14 a.m.
  • Length: 9:23
Show
View Real Time Build Order
Export as new Build Order

WeAreLegion Terran - Winner!

Build Orders: Reaper Expand 

Get SALT Encoding   

  12  0:00  SCV  
  13  0:12  SCV  
  14  0:23  Supply Depot  
  14  0:24  SCV  
  15  0:44  SCV  
  15  0:46  Barracks  
  15  0:49  Refinery  
  16  0:56  SCV  
  17  1:09  SCV  
  18  1:21  SCV  
  19  1:33  Orbital Command  
  19  1:34  Reaper  
  20  1:43  Command Center  
  20  1:57  Supply Depot  
  20  2:02  SCV  
  21  2:10  Factory  
  21  2:13  Marine  
  21  2:15  SCV  
  23  2:27  SCV  
  23  2:28  Refinery  
  24  2:39  SCV  
  24  2:42  Barracks Reactor  
  25  2:51  SCV  
  26  3:03  SCV  
  27  3:19  SCV  
  28  3:23  Orbital Command  
  28  3:26  Starport  
  27  3:29  Hellion  
  27  3:30  Marine x2  
  31  3:39  SCV  
  32  3:51  SCV  
  33  3:57  SCV, Barracks  
  33  3:59  Marine x2  
  33  4:00  Barracks  
  33  4:01  Factory Tech Lab  
  36  4:03  SCV  
  36  4:06  Medivac  
  36  4:09  SCV  
  40  4:13  Supply Depot  
  40  4:15  SCV, Engineering Bay  
  41  4:17  Marine  
  41  4:18  Marine  
  41  4:21  SCV  
  44  4:28  SCV  
  45  4:42  SCV x2  
  47  4:46  Marine  
  47  4:47  Siege Tank, Marine  
  47  4:49  Barracks Tech Lab  
  47  4:51  Barracks Reactor  
  52  4:54  SCV x2  
  54  5:07  Missile Turret  
  54  5:11  SCV x2, Marine  
  57  5:17  Supply Depot, Missile Turret  
  57  5:18  Supply Depot  
  57  5:19  Siege Tank  
  60  5:22  Marine  
  60  5:23  SCV  
  62  5:29  SCV, Marine  
  64  5:35  SCV, Refinery  
  64  5:37  Refinery  
  64  5:40  Supply Depot, Starport Tech Lab, Marine  
  64  5:41  Supply Depot  
  66  5:46  Marine  
  66  5:49  Stimpack  
  67  5:50  Marine  
  67  5:51  Marine  
  67  5:52  Siege Tank  
  72  5:58  Marine  
  72  5:59  SCV x2  
  75  6:04  Supply Depot, Marine x2  
  75  6:06  Supply Depot  
  75  6:08  Marine  
  75  6:09  Marine  
  75  6:11  SCV  
  80  6:12  Barracks  
  80  6:13  Barracks  
  80  6:19  Marine  
  80  6:22  Marine x2  
  80  6:23  Raven  
  85  6:27  Supply Depot, Marauder  
  85  6:31  Supply Depot  
  87  6:38  Marine  
  87  6:39  Marine  
  89  6:40  Siege Tank, Marine  
  93  6:48  Marauder  
  93  6:50  Marine  
  96  6:56  Marine x2  
  98  7:03  Marine  
  98  7:04  Marine  
  100  7:10  Marauder  
  100  7:12  Siege Tank  
  100  7:13  Barracks Tech Lab  
  96  7:21  Marine x2  
  100  7:23  Supply Depot  
  100  7:25  Supply Depot  
  98  7:31  Marauder  
  100  7:52  Marauder  
  102  8:02  Marine x2  
  102  8:03  Marine, Marauder  
  102  8:04  Siege Tank  
  111  8:07  Medivac  
  111  8:11  Barracks Tech Lab  
  112  8:14  Marauder  
  114  8:20  Marine x2  
  114  8:21  Marauder  
  114  8:25  Marauder  
  120  8:29  Supply Depot  
  120  8:30  Supply Depot  
  120  8:35  Marauder  
  120  8:36  Siege Tank  
  120  8:37  Armory, Medivac  
  120  8:38  Marine x2  
  120  8:39  Armory  
  120  8:41  Engineering Bay  
  129  8:42  Marauder  
  129  8:44  Marine  
  129  8:46  Marauder  
  134  8:54  Supply Depot  
  130  8:56  Marine x2  
  130  8:57  Marauder  
Show
View Real Time Build Order
Export as new Build Order

ShadowHunt Protoss 

Build Orders: 1 Gate Expand 

Get SALT Encoding   

  12  0:02  Probe  
  13  0:14  Probe  
  14  0:23  Pylon  
  14  0:26  Probe  
  15  0:41  Gateway, Probe  
  16  0:53  Probe  
  16  0:57  Assimilator  
  17  1:02  Pylon  
  17  1:05  Probe  
  18  1:17  Probe  
  19  1:29  Probe  
  20  1:38  Nexus  
  20  1:56  Cybernetics Core  
  19  2:04  Probe  
  19  2:07  Assimilator  
  20  2:16  Probe  
  21  2:28  Probe  
  22  2:40  Stalker, Probe  
  23  3:07  Stalker  
  24  3:29  Stalker  
  24  3:30  Warp Gate  
  24  3:34  Probe  
  24  3:36  Probe  
  28  3:46  Probe  
  28  3:48  Probe  
  30  3:58  Probe  
  30  4:00  Probe  
  32  4:03  Robotics Facility  
  32  4:06  Pylon  
  32  4:09  Pylon  
  32  4:11  Probe  
  32  4:12  Probe  
  34  4:21  Gateway  
  34  4:23  Probe  
  35  4:24  Gateway, Probe  
  35  4:29  Pylon  
  36  4:35  Probe  
  37  4:52  Robotics Facility  
  37  4:56  Twilight Council  
  37  5:03  Forge  
  37  5:07  Pylon  
  37  5:20  Observer  
  38  5:26  Stalker x3  
  46  5:44  Immortal  
  46  5:49  Immortal  
  52  6:11  Probe x2  
  52  6:16  Robotics Bay  
  54  6:19  Probe x2  
  54  6:21  Protoss Ground Weapons Level 1  
  54  6:24  Immortal  
  60  6:28  Probe x2  
  49  6:55  Probe  
  50  7:02  Probe  
  50  7:07  Probe  
  48  7:14  Charge, Probe  
  49  7:19  Stalker, Probe  
  49  7:20  Zealot x2  
  56  7:33  Assimilator, Probe  
  56  7:34  Probe  
  56  7:36  Assimilator  
  58  7:41  Probe  
  58  7:42  Probe  
  58  7:49  Pylon x2  
  58  7:50  Probe  
  58  7:51  Pylon, Probe  
  62  8:03  Probe x2  
  64  8:15  Probe x2  
  66  8:27  Probe x2  
  66  8:28  Zealot  
  66  8:30  Zealot x2  
  74  8:39  Probe x2  
  76  8:41  Gateway  
  76  8:43  Gateway  
  76  8:46  Gateway  
  76  8:49  Gateway  
  76  8:50  Gateway  
  52  9:07  Zealot  
  52  9:09  Zealot  
Tags
 
Add a new tag
Caveats
  • Supply blocks, unpowered buildings, or Contaminate may cause inaccurate times.
  • Supply counts are checked every 10 seconds.